Val Kilmer, lawful female human Valkyrie --------- --------- --------- --------- --------- |.......-## |........#####-.((.(((| |........## |.......| |.......| # |.......| |.((%((.| |.......| # |{......| |.......| ####-.......| |.(.((((| |.[.....| ####-.......| -|------- -.-+----- --------- --|------ --------- #### # #### #### ----.---- -#----.-- --------- --#--.--- --------- |.......| |.......| |.......-#####|.......| |.......| |.......| |.......| |.......| #........| |......<| |.......| |..>....| |.......| |........#####........| -|------- --------- ------|-- -|------- ----.---- # ## ### #### -.------- --------- -----|--- ---.----- -----#-.- |.......-#### |`.......#### |.......| |@S.....| |.......| |.......| # |.......| # |.......| |SS.....| |.......| |.......| ##....*...| ##........| |.......| |.......| --------- ------.-- --------- --------- --------- # Val Kilmer the Fighter Experience level: 6 Strength: 17 Dexterity: 14 Constitution: 18 Intelligence: 9 Wisdom: 10 Charisma: 8 Health: 0(69) Energy: 11(11) AC: 3 Gold: 202 Moves: 1894 Your Inventory: Coins $ - 202 gold pieces Weapons a - a blessed +2 long sword (weapon in hand) b - an uncursed +0 dagger (in quiver) Armor c - an uncursed +3 small shield (being worn) e - an [uncursed] +0 leather armor (being worn) g - an [uncursed] +0 pair of leather gloves (being worn) v - an [uncursed +0] T-shirt w - an [uncursed +0] T-shirt Comestibles d - 2 uncursed food rations j - an [uncursed] sprig of wolfsbane l - an [uncursed] tripe ration n - 2 [uncursed] bananas o - an [uncursed] cram ration p - 2 [uncursed stale] eggs Potions f - an [uncursed] squishy potion [of blindness] k - a [cursed] yellow potion [of fruit juice] r - a [cursed] orange potion [of gain level] Rings u - a [cursed] sapphire ring [of levitation] Tools i - an [uncursed] lock pick Spells known in the end: Name Level Category Fail Memory Your skills at the end: Fighting Skills Weapon Skills dagger [Basic / Expert] long sword [Basic / Expert] Spellcasting Skills Final Attributes: You were devoutly aligned. Hunger level was 454. Your alignment was 19 / 19. Monster difficulty range was 0 - 4. Level difficulty was 3. You were immune to cold. You were telepathic. You were stealthy. You were lucky (1). You are dead. Vanquished creatures: 2 small mimics a rock piercer an elf zombie 2 floating eyes a homunculus an iguana a coyote 2 gas spores 2 manes a cave spider a yellow mold a garter snake 2 gnome zombies a gecko 8 jackals a kobold a goblin 6 sewer rats 5 grid bugs 2 bats a lichen 3 newts 46 creatures vanquished. Voluntary challenges: You were an atheist. You used a wielded weapon 61 times. You read items or engraved 3 times. You put on armor 3 times. You never genocided any monsters. You never polymorphed an object. You never changed form. You used no wishes. You never wrote Elbereth's name. You never encountered a bones level. You never used any Sokoban shortcuts. Dungeon overview: The Dungeons of Doom: levels 1 to 3 Level 1 a fountain a long staircase Level 2 some sinks stairs to The Gnomish Mines Level 3 <- You were here a music store, some fountains The Gnomish Mines: Level 3 stairs to The Dungeons of Doom History has recorded: On T:1 you entered the Dungeons of Doom to retrieve the Amulet of Yendor! On T:380 you advanced to experience level 2. On T:482 you reached level 2 of The Dungeons of Doom. On T:568 you reached level 1 of The Gnomish Mines. On T:597 you advanced to experience level 3. On T:838 you reached level 3 of The Dungeons of Doom. On T:851 you advanced to experience level 4. On T:1318 you advanced to experience level 5. On T:1529 you advanced to experience level 6. Latest messages: The water moccasin just misses! The water moccasin bites! (3x) [HP-19=16] As you read the scroll, it disappears. A map coalesces in your mind! The water moccasin misses. The water moccasin bites! (2x) [HP-7=9] As you read the scroll, it disappears. Your long sword glows blue for a moment. The water moccasin bites! The water moccasin just misses! The water moccasin bites! [HP-5=4] As you read the scroll, it disappears. You shudder for a moment. The water moccasin misses. The water moccasin bites! You die... Final status: Farvel Val Kilmer the Valkyrie... You died in The Dungeons of Doom on dungeon level 3 with 1700 points, and 202 pieces of gold, after 1894 moves. You were level 6 with a maximum of 69 hit points when you died.